 Dungeon Crawl Stone Soup version 0.13.0-7-g3df9ff1 (webtiles) character file.

57774 HungrySpirit the Severer (level 14, 0/84 HPs)
             Began as a Gargoyle Fighter on Oct 16, 2013.
             Was the Champion of Okawaru.
             Killed by divine providence
             ... invoked by an orc priest
              (16 damage)
             ... on Level 4 of the Orcish Mines.
             The game lasted 00:57:47 (21720 turns).

HungrySpirit the Severer (Gargoyle Fighter)        Turns: 21720, Time: 00:57:51

HP   0/84        AC 23     Str 28      XL: 14   Next: 77%
MP  24/24        EV  4     Int  9 (13) God: Okawaru [******]
Gold 2351        SH 36     Dex  9      Spells:  0 memorised, 13 levels left

Res.Fire  : . . .   See Invis. : +   J - +11,+5 broad axe "Qagu Juts" {chop, +Blink rN+ MR++ Str+3 Int+4}
Res.Cold  : . . .   Warding    : .   q - -2 plate armour
Life Prot.: + + .   Conserve   : .   L - -2 large shield
Res.Poison: +       Res.Corr.  : .   t - -1 helmet
Res.Elec. : +       Clarity    : .   (no cloak)
Sust.Abil.: . .     Spirit.Shd : .   (no gloves)
Res.Mut.  : +       Stasis     : .   (no boots)
Res.Rott. : +       Flight     : .   K - amulet of resist mutation
Saprovore : . . .                    (no ring)
                                     e - ring of see invisible

@: very resistant to hostile enchantments, extremely unstealthy
A: large and strong wings, fangs 1, talons 2, life protection 1, electricity
resistance, slow metabolism 1, unbreathing, petrification resistance, AC +9
a: Fly, Heroism, Finesse, Renounce Religion, Evoke Blink


You were on level 4 of the Orcish Mines.
You worshipped Okawaru.
Okawaru was exalted by your worship.
You were not hungry.

You visited 4 branches of the dungeon, and saw 26 of its levels.
You visited 1 bazaar.

You collected 2905 gold pieces.
You spent 574 gold pieces at shops.

Inventory:

Hand weapons
 c - a +0,+1 orcish halberd of dragon slaying
 F - a +1,+3 hand axe of flaming (quivered)
 J - the +11,+5 broad axe "Qagu Juts" (weapon) {chop, +Blink rN+ MR++ Str+3 Int+4}
   (Okawaru gifted it to you on level 11 of the Dungeon)

   It inflicts extra damage upon your enemies.
   It affects your strength (+3).
   It affects your intelligence (+4).
   It protects you from negative energy.
   It affects your resistance to hostile enchantments.
   It lets you blink.
 N - a +4,+2 anti-magic broad axe
Armour
 q - a -2 plate armour (worn)
 t - a -1 helmet (worn)
 L - a -2 large shield (worn)
Magical devices
 m - a wand of draining (5)
 B - a wand of digging (14)
 E - a wand of disintegration (23)
 G - a wand of teleportation (3)
Comestibles
 a - a lychee
 d - 13 bread rations
 f - 5 meat rations
 h - 2 cheeses
 l - 2 chunks of orc flesh
Scrolls
 g - 2 scrolls of blinking
 p - 8 scrolls of identify
 r - 3 scrolls of teleportation
 s - 2 scrolls of fear
 z - a scroll of fog
 I - 4 scrolls of remove curse
 M - a scroll of amnesia
Jewellery
 e - a ring of see invisible (left hand)
 v - an uncursed amulet of stasis
 K - an amulet of resist mutation (around neck)
Potions
 b - a potion of speed
 i - 3 potions of heal wounds
 j - 10 potions of curing
 k - 4 potions of restore abilities
 n - 2 potions of agility
 u - a potion of resistance
 x - 2 potions of might
 D - 3 potions of invisibility
 H - a potion of berserk rage


   Skills:
 + Level 9.6 Fighting
 + Level 16.3 Axes
 - Level 11.5 Armour
 * Level 11.0 Shields
 - Level 7.4 Invocations


You had 13 spell levels left.
You didn't know any spells.

Dungeon Overview and Level Annotations

Branches:
Dungeon (13/27)            Temple (1/1) D:5             Orc (4/4) D:6
    Elf (0/3) Orc:3          Lair (8/8) D:12         Shoals (0/5) Lair:6
 Spider (0/5) Lair:5        Slime (0/6) Lair:6

Altars:
Ashenzari
Cheibriados
Elyvilon
Fedhas
Kikubaaqudgha
Makhleb
Nemelex Xobeh
Okawaru
Sif Muna
Trog
Vehumet
Xom
Yredelemnul
Zin
the Shining One
Beogh

Shops:
D:7 [   D:10 (   Orc:2 !   Orc:3 ?


Innate Abilities, Weirdness & Mutations

You are resistant to torment.
You are immune to poison.
You can fly continuously.
Your stone body is very resilient (AC +9).
Your wings are large and strong.
You have very sharp teeth.
You have razor-sharp toenails.
You resist negative energy.
You are resistant to electric shocks.
You have a slow metabolism.
You can survive without breathing.
You are immune to petrification.


Message History

an orcish leather armour; an orc corpse The orc warrior unwields an uncursed orcish trident.
The orc warrior drops an uncursed orcish trident.
The orc warrior picks up an orcish morningstar.
The orc warrior wields an orcish morningstar.
The orc priest calls down the wrath of Beogh upon you.
Something smites you!
* * * LOW HITPOINT WARNING * * *
The orc priest picks up an orcish dagger.
The orc warrior picks up an orcish club.
Drink which item? (? for menu, Esc to quit)
You feel much better.
The orc priest glows brightly for a moment.
The orc warrior throws an orcish club.
The orcish club hits you!
The orc priest invokes the aid of Beogh against you.
Something smites you!
* * * LOW HITPOINT WARNING * * *
The orc priest calls down the wrath of Beogh upon you.
Something smites you!
You die...

,,,,,,, ,,,,,#o.....#*
,,,,,,,,,,,, ,#.#o...#
******,,,******#))[..#
*,,,* ###[..## ******
,,** #.oo.###
,,,,,,,,,,,* #...##.##
, ,,,,,,,,,* ##o.#...#
*** ***,,,,* #.......#
*,,,,* #.@....## *,,,,*
#.....## ******
#..##.## #############
#......#
............##.#....##
...#........####...#.##
..........).####......#
...).)..).))....)....##
...))..))...........##


You could see 2 orc warriors and 2 orc priests.

Vanquished Creatures
  Rupert (Lair:6)
  Gastronok (Lair:1)
  A dragon (Lair:8)
  Harold (D:11)
  3 hydras
  6 death yaks (Lair:4)
  2 catoblepae (Lair:8)
  Nergalle (Lair:1)
  4 skeletal warriors (D:12)
  2 unseen horrors
  The ghost of Numot the Poker, an experienced DsFi of Makhleb (D:8)
  2 lindwurms (Lair:8)
  An orc sorcerer (Orc:4)
  2 black mambas
  7 spiny worms (Lair:8)
  7 elephants (Lair:7)
  2 spiny frogs
  A fire drake (Lair:5)
  A mermaid (Lair:6)
  6 trolls
  An orb spider (Lair:5)
  3 komodo dragons
  4 giant fireflies (Lair:8)
  2 polar bears (Lair:7)
  A spriggan (D:7)
  3 giant leeches (Lair:8)
  9 blink frogs
  47 yaks
  5 basilisks
  A hill giant zombie (D:7)
  2 trapdoor spiders
  2 elephant slugs
  A hippogriff (Lair:8)
  A deep elf fighter (D:12)
  A wraith (D:10)
  A hungry ghost (D:10)
  11 wolves (Lair:8)
  6 rock worms
  Menkaure (D:7)
  3 manticores
  A necrophage (D:6)
  8 porcupines
  A sky beast (D:6)
  2 hell hounds (Lair:8)
  6 black bears
  20 orc warriors
  2 boring beetles
  5 ice beasts
  3 phantoms
  5 centaurs
  6 ogres
  2 big kobolds
  6 wargs
  A yellow wasp (D:11)
  12 giant frogs
  A yaktaur zombie (D:12)
  3 brain worms (Lair:8)
  15 crocodiles
  10 water moccasins
  8 giant slugs
  Blork the orc (D:7)
  5 agate snails
  A wyvern skeleton (D:10)
  22 killer bees
  3 wights (D:11)
  A goliath beetle (D:6)
  A troll skeleton (D:10)
  3 jellies
  A centaur zombie (D:7)
  10 crimson imps
  2 giant frog zombies
  16 orc priests
  16 hounds
  A basilisk zombie (D:11)
  A giant frog skeleton (D:4)
  5 scorpions
  6 worker ants
  9 iguanas
  21 orc wizards
  27 sheep
  A sky beast zombie (D:12)
  A hound skeleton (D:4)
  55 green rats
  9 adders
  2 giant centipedes (Lair:1)
  A gnoll (D:4)
  6 giant mites
  An inept item mimic (D:7)
  A goliath beetle zombie (D:12)
  21 worms
  A grey rat (Lair:1)
  3 giant eyeballs
  10 giant geckos
  An ooze (D:1)
  128 orcs
  2 ball pythons (D:2)
  A bat zombie (D:6)
  9 giant cockroaches
  31 hobgoblins
  34 jackals
  28 kobolds
  12 quokkas
  22 bats
  A giant gecko zombie (D:7)
  8 giant newts
  A giant newt zombie (D:5)
  A giant spore (D:10)
  29 goblins
  3 hobgoblin skeletons
  A jackal skeleton (D:6)
  A jackal zombie (D:8)
  A kobold skeleton (D:7)
  2 orc skeletons (D:4)
  An orc zombie (D:7)
  25 rats
  6 spectral orcs
  7 fungi
  4 plants (Lair:8)
897 creatures vanquished.

Vanquished Creatures (others)
  A kobold (D:1)
  5 fungi
  2 plants
8 creatures vanquished.

Grand Total: 905 creatures vanquished

Notes
Turn   | Place    | Note
--------------------------------------------------------------
     0 | D:1      | HungrySpirit, the Gargoyle Fighter, began the quest for the Orb.
     0 | D:1      | Reached XP level 1. HP: 14/14 MP: 0/0
    96 | D:1      | Reached XP level 2. HP: 17/19 MP: 1/1
   426 | D:2      | Reached XP level 3. HP: 24/24 MP: 2/2
   927 | D:2      | Reached XP level 4. HP: 28/28 MP: 3/3
  1123 | D:3      | Reached skill level 4 in Axes
  1475 | D:3      | Found a radiant altar of Vehumet.
  2047 | D:4      | Reached XP level 5. HP: 28/33 MP: 4/4
  2279 | D:4      | Reached skill level 5 in Axes
  2279 | D:4      | Reached XP level 6. HP: 29/38 MP: 5/5
  2712 | D:4      | Reached skill level 5 in Shields
  2821 | D:4      | Found a snail-covered altar of Cheibriados.
  2979 | D:5      | Entered Level 5 of the Dungeon
  3026 | D:5      | Found a staircase to the Ecumenical Temple.
  3061 | Temple   | Entered the Ecumenical Temple
  3087 | Temple   | Became a worshipper of Warmaster Okawaru
  3129 | D:5      | Reached XP level 7. HP: 42/42 MP: 6/6
  3207 | D:5      | Reached skill level 6 in Axes
  3943 | D:6      | Found an ancient bone altar of Kikubaaqudgha.
  3981 | D:6      | Found a staircase to the Orcish Mines.
  3999 | D:6      | Reached skill level 7 in Axes
  4289 | D:6      | Acquired Okawaru's first power
  4289 | D:6      | Reached XP level 8. HP: 48/48 MP: 7/7
  4509 | D:6      | Reached skill level 5 in Fighting
  5110 | D:6      | Reached skill level 8 in Axes
  5125 | D:6      | Found a bloodstained altar of Trog.
  5127 | D:6      | Found a shattered altar of Ashenzari.
  5127 | D:6      | Found a burning altar of Makhleb.
  5127 | D:6      | Found a glowing silver altar of Zin.
  5129 | D:6      | Found a sparkling altar of Nemelex Xobeh.
  5508 | D:7      | Noticed Menkaure
  5518 | D:7      | Killed Menkaure
  5528 | D:7      | Noticed a troll
  5542 | D:7      | Killed a troll
  5542 | D:7      | Reached XP level 9. HP: 33/55 MP: 5/8
  5627 | D:7      | Reached skill level 9 in Axes
  5861 | D:7      | Noticed a spriggan baker
  5872 | D:7      | Killed a spriggan baker
  5953 | D:7      | Found Bruxaco's Armour Shoppe.
  6062 | D:7      | Noticed Blork the orc
  6072 | D:7      | Killed Blork the orc
  6569 | D:8      | Reached skill level 10 in Axes
  6611 | D:8      | Noticed Numot's ghost (experienced DsFi)
  6647 | D:8      | Killed Numot's ghost
  6647 | D:8      | Reached XP level 10. HP: 36/62 MP: 9/9
  6981 | D:8      | Reached skill level 11 in Axes
  7813 | D:9      | Found a basalt altar of Yredelemnul.
  8499 | D:10     | Entered Level 10 of the Dungeon
  8588 | D:10     | Reached skill level 12 in Axes
  8599 | D:10     | Acquired Okawaru's second power
  8599 | D:10     | Reached XP level 11. HP: 63/68 MP: 8/10
  8613 | D:10     | Reached skill level 5 in Armour
  8704 | D:10     | Reached skill level 1 in Invocations
  8818 | D:10     | Noticed an unseen horror
  8834 | D:10     | Killed an unseen horror
  8875 | D:10     | Found Prauclom's Weapon Shop.
  8882 | D:10     | Bought a +0,+0 battleaxe for 78 gold pieces
  8884 | D:10     | Bought a +2,+0 broad axe for 122 gold pieces
  9369 | D:11     | Noticed Harold
  9379 | D:11     | Killed Harold
  9379 | D:11     | Received a gift from Okawaru
  9391 | D:11     | Got an ancient broad axe {god gift}
  9392 | D:11     | Identified the broad axe "Qagu Juts" {god gift, chop, +Blink rN+ MR++ Str+3 Int+4} (Okawaru gifted it to you on level 11 of the Dungeon)
  9886 | D:11     | Reached skill level 5 in Invocations
  9914 | D:12     | Noticed a skeletal warrior
  9983 | D:12     | Killed a skeletal warrior
 10059 | D:12     | Noticed a skeletal warrior
 10059 | D:12     | Noticed a skeletal warrior
 10059 | D:12     | Noticed a skeletal warrior
 10080 | D:12     | Killed a skeletal warrior
 10082 | D:12     | Killed a skeletal warrior
 10102 | D:12     | Killed a skeletal warrior
 10343 | D:12     | Noticed an unseen horror
 10344 | D:12     | Found a flickering gateway to a bazaar.
 10346 | D:12     | Killed an unseen horror
 10346 | D:12     | Reached skill level 13 in Axes
 10346 | D:12     | Reached XP level 12. HP: 64/73 MP: 22/22
 10370 | Bazaar   | Entered a bazaar
 10384 | Bazaar   | Found Chaaj's General Store.
 10407 | Bazaar   | Found Uzao's Magical Wand Shoppe.
 10428 | Bazaar   | Found Vorharas' Weapon Emporium.
 10428 | Bazaar   | Found Okkilacur's Book Shoppe.
 10481 | Bazaar   | Bought a wand of teleportation (3) for 294 gold pieces
 10496 | Bazaar   | Bought a potion of curing for 32 gold pieces
 10496 | Bazaar   | Bought a potion of heal wounds for 48 gold pieces
 10631 | D:12     | Found a staircase to the Lair.
 10860 | Lair:1   | Entered Level 1 of the Lair of Beasts
 10860 | Lair:1   | Noticed Gastronok
 10879 | Lair:1   | Killed Gastronok
 10929 | Lair:1   | Noticed Nergalle
 11093 | Lair:1   | Killed Nergalle
 12002 | Lair:2   | Noticed an eight-headed hydra
 12010 | Lair:2   | Killed a three-headed hydra
 12610 | Lair:3   | Received a gift from Okawaru
 12745 | Lair:3   | Reached skill level 14 in Axes
 12745 | Lair:3   | Reached skill level 10 in Armour
 13148 | Lair:4   | Reached XP level 13. HP: 53/78 MP: 23/23
 13164 | Lair:4   | Got a brightly glowing broad axe
 13165 | Lair:4   | Identified the broad axe of Patience {chop, *Rage rN+ MR+ Stlth} (You found it on level 4 of the Lair of Beasts)
 13351 | Lair:4   | Noticed Rupert
 14493 | Lair:5   | Found a hole to the Spider Nest.
 15506 | Lair:6   | Found a staircase to the Slime Pits.
 15601 | Lair:6   | Killed Rupert
 15604 | Lair:6   | Received a gift from Okawaru
 15874 | Lair:6   | Reached skill level 15 in Axes
 16215 | Lair:6   | Found a staircase to the Shoals.
 16874 | Lair:7   | Gained mutation: Your wings are large and strong. [gargoyle growth]
 16874 | Lair:7   | Reached XP level 14. HP: 74/84 MP: 24/24
 17210 | Lair:8   | Entered Level 8 of the Lair of Beasts
 17541 | Lair:8   | Got a glittering ivory amulet
 17542 | Lair:8   | Identified the amulet "Womaly" {Gourm Str+2 Dex+3} (You found it on level 8 of the Lair of Beasts)
 17764 | Lair:8   | Received a gift from Okawaru
 18164 | Lair:8   | Reached skill level 16 in Axes
 18164 | Lair:8   | Reached skill level 10 in Shields
 19728 | Orc:1    | Entered Level 1 of the Orcish Mines
 20179 | Orc:2    | Found Hihaon's Distillery.
 20334 | Orc:3    | Found a glowing silver altar of Zin.
 20402 | Orc:3    | Received a gift from Okawaru
 20799 | Orc:1    | Found an ancient bone altar of Kikubaaqudgha.
 20817 | Orc:1    | Found a roughly hewn altar of Beogh.
 20998 | Orc:4    | Entered Level 4 of the Orcish Mines
 21219 | Orc:3    | Found Clenaar's Magic Scroll Boutique.
 21263 | Orc:3    | Found a staircase to the Elven Halls.
 21720 | Orc:4    | Killed from afar by an orc priest

Action                   |  1- 3 |  4- 6 |  7- 9 | 10-12 | 13-15 || total
-------------------------+-------+-------+-------+-------+-------++-------
Melee: Hand axe          |   120 |   231 |   343 |   306 |    15 ||  1015
       Broad axe         |       |       |       |   435 |   827 ||  1262
Invok: Heroism           |       |       |     2 |     6 |     4 ||    12
       Finesse           |       |       |       |       |     2 ||     2
Evoke: Wand              |       |       |     2 |     7 |     2 ||    11
  Use: Scroll            |       |       |    17 |    10 |     6 ||    33
       Potion            |       |       |     2 |       |     3 ||     5
